 Dungeon Crawl Stone Soup version 0.26-a0-646-g5d7718319a (webtiles) character file.

Game seed: 8578816790568390469

525 MrRokkomies the Gusty (level 7, -1/40 HPs)
             Began as a Tengu Air Elementalist on Sept 24, 2020.
             Was an Initiate of Vehumet.
             Killed from afar by Blork the orc (7 damage)
             ... with a magic dart
             ... on level 4 of the Dungeon.
             The game lasted 00:10:42 (5626 turns).

MrRokkomies the Gusty (Tengu Air Elementalist)      Turns: 5626, Time: 00:10:42

Health: -1/40      AC:  3    Str:  8    XL:     7   Next: 22%
Magic:  11/11      EV: 17    Int: 17    God:    Vehumet [......]
Gold:   188        SH:  0    Dex: 15    Spells: 4/10 levels left

rFire    . . .     SeeInvis .   a - +1 short sword (drain)
rCold    . . .     Faith    .   (no shield)
rNeg     . . .     Spirit   .   k - +1 robe
rPois    .         Reflect  .   (helmet restricted)
rElec    .         Harm     .   (no cloak)
rCorr    .         Rampage  .   (no gloves)
MR       .....                  (boots unavailable)
Stlth    ++........             (no amulet)
HPRegen  0.13/turn              (no ring)
MPRegen  0.12/turn              (no ring)

@: about to teleport, flying quickly and evasively, quick
A: beak, talons 3, able to fly
a: Stop Flying, Renounce Religion


You were on level 4 of the Dungeon.
You worshipped Vehumet.
Vehumet was noncommittal.
You visited 1 branch of the dungeon, and saw 4 of its levels.

You collected 188 gold pieces.

Inventory:

Hand Weapons
 a - a +1 short sword of draining (weapon)
 m - a +2 dagger of pain
 n - a +0 broad axe
Armour
 k - a +1 robe (worn)
Jewellery
 b - an uncursed ring of fire
Scrolls
 f - 2 scrolls of remove curse
 j - a scroll of immolation
 l - a scroll of identify
 o - a scroll of fog {unknown}
 p - a scroll of enchant weapon
Potions
 c - a potion of curing
 e - a potion of mutation
 g - a potion of berserk rage {unknown}
 h - a potion of stabbing
 i - a potion of haste
 q - a potion of heal wounds {unknown}
 r - a potion of ambrosia {unknown}


   Skills:
 + Level 2.6 Fighting
 + Level 3.8 Dodging
 - Level 2.0 Stealth
 - Level 2.0 Spellcasting
 * Level 5.8 Conjurations
 * Level 6.8 Air Magic


You had 4 spell levels left.
You knew the following spells:

 Your Spells              Type           Power        Failure   Level
a - Shock                 Conj/Air       ###.         1%          1
b - Swiftness             Air            ####....     1%          2
c - Static Discharge      Conj/Air       ###.....     4%          3

Your spell library contained the following spells:

 Spells                   Type           Power        Failure   Level
 Airstrike                Air            ####......   12%         4
 Lightning Bolt           Conj/Air       ###.......   36%         5
 Ignition                 Fire           #.........   100%        8
 Shatter                  Erth           #.........   100%        9
 Tornado                  Air            ####......   100%        9


Dungeon Overview and Level Annotations

Branches:
Dungeon (4/15)
 Temple: D:4-7

Altars:
Elyvilon
Fedhas
Okawaru
Vehumet
Wu Jian
Xom

Annotations:
D:4 Blork the orc, Natasha


Innate Abilities, Weirdness & Mutations

You have a beak for a mouth.
You have claws for feet.
You can fly continuously.


Message History

You closely miss Blork the orc. You claw Blork the orc. You peck Blork the orc.
Blork the orc is heavily wounded.
Blork the orc points at you and mumbles some strange words.
The magic dart hits you. The gnoll misses you.
You hit Blork the orc. Your kick misses Blork the orc.
Blork the orc is heavily wounded.
Blork the orc hits you with a +0 glaive!
The gnoll hits you but does no damage.
Blork the orc hits you with a +0 glaive!
* * * LOW HITPOINT WARNING * * *
As you read the scroll of teleportation, it crumbles to dust.
You feel strangely unstable. The gnoll closely misses you.
Natasha, Servant of Life and Death comes into view.
She is carrying a wand of random effects (14).
Blork the orc casts a spell at you. The magic dart hits you.
* * * LOW HITPOINT WARNING * * *
The gnoll closely misses you.
Blork the orc gestures at you while chanting.
The magic dart hits you!
You die...

##.....###'#####...####
##.....##....###...####
#.......#..............
#....<..#..............
#.......#....†.........
#......)#....##..######
#####.##..####..##########
##..##.##..########.......#
#......#..@.>.............#
#......#....g.............#
#......#...o..............#
#...##.###..###..##..##..##
##..######).###..##..##..##
#...^.......#.....#..#.....
#...........#.....#..'.....
#...........'.)..######....
#.......h...#....##..######


You could see Blork the orc (fast) and a gnoll.

Vanquished Creatures
  Duvessa (D:4)
  A scorpion (D:3)
  Dowan (D:4)
  A howler monkey (D:4)
  A hound (D:3)
  Ijyb (D:3)
  Natasha (twice) (D:4)
  A worker ant (D:4)
  A gnoll (D:1)
  4 adders
  A white imp (D:4)
  An adder zombie (D:4)
  A worm (D:3)
  4 dart slugs
  3 orcs (D:4)
  6 bats
  5 giant cockroaches
  11 goblins
  10 hobgoblins
  4 quokkas
  A ball python (D:4)
  10 frilled lizards
  12 kobolds
  10 rats
93 creatures vanquished.

Notes
Turn   | Place    | Note
-------+----------+-------------------------------------------
     0 | D:1      | MrRokkomies the Tengu Air Elementalist began the quest for
                  | the Orb.
     0 | D:1      | Reached XP level 1. HP: 10/10 MP: 4/4
   241 | D:1      | Reached XP level 2. HP: 15/15 MP: 3/6
   555 | D:1      | Reached XP level 3. HP: 20/20 MP: 7/7
  1256 | D:1      | Learned a level 2 spell: Swiftness
  1260 | D:1      | Learned a level 3 spell: Static Discharge
  1266 | D:2      | Reached skill level 1 in Fighting
  1503 | D:2      | Reached XP level 4. HP: 20/25 MP: 8/8
  1622 | D:2      | Reached skill level 5 in Air Magic
  1818 | D:2      | Found a white marble altar of Elyvilon.
  2578 | D:3      | Noticed Ijyb
  2602 | D:3      | Found an iron altar of Okawaru.
  2727 | D:3      | Killed Ijyb
  2727 | D:3      | Gained mutation: You can fly continuously. [Tengu growth]
  2727 | D:3      | Reached XP level 5. HP: 21/29 MP: 7/9
  3329 | D:3      | Found a faded altar of an unknown god.
  3356 | D:3      | Found an ornate altar of the Wu Jian Council.
  3357 | D:3      | Found a shimmering altar of Xom.
  3385 | D:3      | Found a radiant altar of Vehumet.
  3413 | D:3      | Became a worshipper of Vehumet
  3763 | D:4      | Noticed Blork the orc
  4461 | D:4      | Noticed Duvessa
  4461 | D:4      | Noticed Dowan
  4475 | D:4      | Killed Dowan
  4475 | D:4      | Reached skill level 6 in Air Magic
  4475 | D:4      | Reached XP level 6. HP: 12/35 MP: 3/10
  4705 | D:4      | Noticed Natasha
  4708 | D:4      | Killed Natasha
  4771 | D:4      | Killed Duvessa
  4771 | D:4      | Reached skill level 5 in Conjurations
  5055 | D:4      | Found a blossoming altar of Fedhas.
  5073 | D:3      | Reached XP level 7. HP: 17/40 MP: 0/11
  5301 | D:4      | Noticed Natasha
  5305 | D:4      | Killed Natasha
  5625 | D:4      | Noticed Natasha
  5626 | D:4      | Killed from afar by Blork the orc

Illustrated notes

Levels and vault maps discovered:
D:1:      dpeg_arrival_erosion, layout_loops_ring, kennysheep_crisscross,
          hangedman_abyss_or_decor_stabs, minmay_misc_feat_iff
D:2:      layout_loops_ring, chequers_serial_rivers_micro_a, elyvilon_altar_1
D:3:      layout_basic, nicolae_overflow_quartered_altars,
          chequers_ecumenical_altar_grove, minivault_24, uniq_ijyb
D:4:      layout_gridville, minmay_ruined_shrine, uniq_duvessa,
          uniq_blork_the_orc, uniq_natasha

Skill      XL: |  1  2  3  4  5  6 |
---------------+-------------------+-----
Conjurations   | 2 3 4 5 |  5.8
Fighting       | 1 2 |  2.6
Air Magic      | 5 6 |  6.8
Dodging        | 3 |  3.8
Stealth        | |  2.0
Spellcasting   | |  2.0

Action                   |  1- 3 |  4- 6 |  7- 9 || total
-------------------------+-------+-------+-------++-------
Melee: Unarmed           |     3 |       |       ||     3
       Dagger            |     2 |       |       ||     2
       Kick              |     3 |    27 |     3 ||    33
       Short sword       |    23 |   125 |    13 ||   161
       Peck              |       |    16 |     1 ||    17
 Cast: Shock             |    36 |    38 |     9 ||    83
       Static Discharge  |       |     6 |     1 ||     7
 Abil: Fly               |       |     1 |       ||     1
Evoke: Wand              |       |     1 |       ||     1
  Use: Scroll            |       |    11 |     2 ||    13
       Potion            |       |     2 |       ||     2
 Stab: Sleeping          |     2 |     5 |       ||     7
Armor: Robe              |     4 |    31 |     3 ||    38
Dodge: Dodged            |    28 |   100 |    13 ||   141

Table legend: (Time is in decaauts)
 A = Elapsed time spent in this place.
 B = Non-inter-level travel time spent in this place.
 C = Inter-level travel time spent in this place.
 D = Time resting spent in this place.
 E = Time spent auto-exploring this place.
 F = Levels seen in this place.
 G = Mean time per level.
                   A        B        C        D        E       F      G
               +--------+--------+--------+--------+--------+-----+--------+
         Total |   5472 |   5281 |    191 |    875 |   3699 |   4 | 1368.0 |
       Dungeon |   5472 |   5281 |    191 |    875 |   3699 |   4 | 1368.0 |
               +--------+--------+--------+--------+--------+-----+--------+

Top non-repeatable levels by time:
     D:3: 1646 daAuts
     D:4: 1416 daAuts
     D:1: 1256 daAuts
     D:2: 1153 daAuts
